 Dungeon Sprint DCSS version 0.29.1-1-gd02db6906a (webtiles) character file.

Game seed: 11146105529473597226

1241 Low2 the Cruncher (level 8, -5/132 HPs)
             Began as an Ogre Gladiator on Oct 16, 2022.
             Was a Follower of Wu Jian.
             Slain by a demonic crawler (13 damage)
             ... in the Dungeon (Sprint I: "Red Sonja").
             The game lasted 00:05:25 (963 turns).

Low2 the Cruncher (Ogre Gladiator)                   Turns: 963, Time: 00:05:26

Health: -5/132     AC:  3    Str: 21    XL:     8   Next: 49%
Magic:  8/8        EV: 12    Int:  9    God:    Wu Jian [*.....]
Gold:   425        SH:  0    Dex: 10    Spells: 7/7 levels left

rFire   . . .      SeeInvis .   a - +0 quarterstaff
rCold   . . .      Faith    .   (shield currently unavailable)
rNeg    . . .      Spirit   .   b - +0 robe
rPois   .          Reflect  .   c - +0 hat
rElec   .          Harm     .   (no cloak)
rCorr   .          Rampage  .   (gloves unavailable)
Will    .....      NoTele   +   (boots unavailable)
Stlth   ..........              (no amulet)
HPRegen 0.32/turn               (no ring)
MPRegen 0.11/turn               (no ring)

@: berserking (expiring), very quick
A: large, unfitting armour, tough skin 1
a: Renounce Religion


You were in the Dungeon.
You worshipped Wu Jian.
Wu Jian was aware of your devotion.
You visited 1 branch You collected 425 gold pieces.

Inventory:

Hand Weapons
 a - a +0 quarterstaff (weapon)
Armour
 b - a +0 robe (worn)
 c - a +0 hat (worn)
Potions
 f - a potion of curing
 i - 2 potions of magic


   Skills:
 + Level 8.2 Fighting
 + Level 12.4 Staves
 + Level 7.4 Throwing
 + Level 8.9 Dodging
 + Level 3.0 Stealth
 + Level 1.2 Evocations


You had 7 spell levels left.
You didn't know any spells.
Your spell library was empty.

Dungeon Overview and Level Annotations

Branches:
Dungeon (1/1)

Altars:
Cheibriados
Dithmenos
Elyvilon
Fedhas
Gozag
Hepliaklqana
Kikubaaqudgha
Makhleb
Nemelex Xobeh
Okawaru
Qazlal
Ru
Sif Muna
Trog
Uskayaw
Vehumet
Wu Jian
Xom
Yredelemnul
Zin
The Shining One
Jiyva
Lugonu

Shops:
D [


Innate Abilities, Weirdness & Mutations

You are too large for most types of armour.
You have tough skin. (AC +1)


Message History

* * * LOW HITPOINT WARNING * * *
The demonic crawler closely misses you.
The demonic crawler completely misses you.
You spin and attack the demonic crawler.
You hit the demonic crawler.
The demonic crawler is heavily wounded.
The demonic crawler completely misses you.
The demonic crawler hits you but does no damage.
The demonic crawler closely misses you.
You feel a strong urge to attack something.
A gargoyle comes into view. It is wielding a +0 mace.
You spin and attack the demonic crawler repeatedly.
You hit the demonic crawler.
The demonic crawler is lightly wounded.
You barely miss the demonic crawler.
The demonic crawler is lightly wounded.
The demonic crawler shrieks in warning!
You spin and attack the demonic crawler repeatedly.
You hit the demonic crawler.
The demonic crawler is heavily wounded.
You barely miss the demonic crawler.
The demonic crawler is heavily wounded.
The demonic crawler shrieks in warning!
The demonic crawler hits you.
* * * LOW HITPOINT WARNING * * *
The demonic crawler hits you!
* * * LOW HITPOINT WARNING * * *
The demonic crawler hits you.
* * * LOW HITPOINT WARNING * * *
There is an open door, spattered with blood here.
You are too berserk!
You hit the demonic crawler.
The demonic crawler is lightly wounded.
The demonic crawler shrieks in warning!
The demonic crawler hits you!
* * * LOW HITPOINT WARNING * * *
The demonic crawler hits you.
* * * LOW HITPOINT WARNING * * *
The demonic crawler hits you!
You die...

#####################
))..#..'..#__#..@ss)#
.#..').#..'..'..#s..##+#
###'#####'#__####...9s.#
##..#...#.#### #####..+
_####..##.# ##
____##'#_.+ .∩..)'..._#
..__##_.#'# ____###+#.#


You could see 4 demonic crawlers and a gargoyle.

Vanquished Creatures
  2 kobold demonologists (D)
  A slime creature (D)
  Sigmund (D)
  A yak (D)
  A floating eye (D)
  An ogre (D)
  A jelly (D)
  Ijyb (D)
9 creatures vanquished.

Notes
Turn   | Place    | Note
-------+----------+-------------------------------------------
     0 | D        | Low2 the Ogre Gladiator began the quest for the Orb.
     0 | D        | Reached XP level 1. HP: 22/22 MP: 1/1
     2 | D        | Noticed Ijyb
    13 | D        | Killed Ijyb
    14 | D        | Reached skill level 4 in Staves
    14 | D        | Reached XP level 2. HP: 14/32 MP: 2/2
    14 | D        | Reached XP level 3. HP: 17/39 MP: 3/3
   180 | D        | Noticed an ogre
   190 | D        | Killed an ogre
   191 | D        | Reached skill level 6 in Staves
   191 | D        | Reached skill level 5 in Dodging
   191 | D        | Reached XP level 4. HP: 49/49 MP: 4/4
   305 | D        | Noticed Sigmund
   311 | D        | Killed Sigmund
   312 | D        | Reached skill level 5 in Fighting
   312 | D        | Reached skill level 8 in Staves
   312 | D        | Reached skill level 5 in Throwing
   312 | D        | Reached skill level 1 in Stealth
   312 | D        | Reached XP level 5. HP: 59/59 MP: 5/5
   312 | D        | Reached XP level 6. HP: 67/67 MP: 6/6
   343 | D        | Found an ornate altar of the Wu Jian Council.
   343 | D        | Found a shimmering blue altar of Sif Muna.
   346 | D        | Found a radiant altar of Vehumet.
   352 | D        | Reached skill level 9 in Staves
   390 | D        | Became a worshipper of the Wu Jian Council
   396 | D        | Found a burning altar of Makhleb.
   396 | D        | Found a viscous altar of Jiyva.
   396 | D        | Found a shimmering altar of Xom.
   396 | D        | Found a corrupted altar of Lugonu.
   396 | D        | Noticed a slime creature
   407 | D        | Killed a slime creature
   408 | D        | Reached skill level 10 in Staves
   408 | D        | Reached XP level 7. HP: 34/76 MP: 7/7
   623 | D        | Found Woolitiu's Armour Emporium.
   623 | D        | Found an ancient bone altar of Kikubaaqudgha.
   623 | D        | Found a hazy altar of Hepliaklqana.
   623 | D        | Found a stormy altar of Qazlal.
   623 | D        | Found a hide-covered altar of Uskayaw.
   623 | D        | Found a blossoming altar of Fedhas.
   623 | D        | Found a bloodstained altar of Trog.
   623 | D        | Found an iron altar of Okawaru.
   623 | D        | Found a basalt altar of Yredelemnul.
   623 | D        | Found a glowing golden altar of the Shining One.
   623 | D        | Found a snail-covered altar of Cheibriados.
   623 | D        | Found a sacrificial altar of Ru.
   623 | D        | Found a glowing silver altar of Zin.
   623 | D        | Found a shadowy altar of Dithmenos.
   623 | D        | Found a white marble altar of Elyvilon.
   623 | D        | Noticed a yak
   626 | D        | Killed a yak
   627 | D        | Found an opulent altar of Gozag.
   698 | D        | Found a sparkling altar of Nemelex Xobeh.
   722 | D        | Noticed a kobold demonologist
   722 | D        | Noticed a kobold demonologist
   723 | D        | Noticed a hellwing
   724 | D        | Noticed a ynoxinul
   724 | D        | Reached * piety under Wu Jian
   725 | D        | Reached skill level 11 in Staves
   727 | D        | Killed a kobold demonologist
   728 | D        | Reached skill level 12 in Staves
   728 | D        | Reached XP level 8. HP: 50/88 MP: 8/8
   752 | D        | Killed a kobold demonologist
   753 | D        | Reached skill level 1 in Evocations
   949 | D        | Noticed a demonic crawler
   949 | D        | Noticed a demonic crawler
   949 | D        | Noticed a demonic crawler
   949 | D        | Noticed a demonic crawler
   960 | D        | Noticed a gargoyle
   963 | D        | Slain by a demonic crawler

Illustrated notes

Levels and vault maps discovered:
D:        dungeon_sprint_1 [red_sonja_temple_1, red_sonja_temple_small_1]

Skill      XL: |  1  2  3  4  5  6  7  8 |
---------------+-------------------------+-----
Fighting       | 3 4 5 6 7 8 |  8.2
Staves         | 4 6 8 10 12 | 12.4
Dodging        | 4 5 6 7 8 |  8.9
Throwing       | 3 5 6 7 |  7.4
Stealth        | 1 2 3 |  3.0
Evocations     | 1 |  1.2

Action                   |  1- 3 |  4- 6 |  7- 9 || total
-------------------------+-------+-------+-------++-------
Melee: Quarterstaff      |    13 |    17 |    17 ||    47
Throw: Throwing net      |     4 |     1 |       ||     5
       Large rock        |     1 |     3 |     1 ||     5
Invok: Whirlwind         |       |       |     3 ||     3
Evoke: Wand              |       |       |    11 ||    11
  Use: Potion            |       |     1 |     2 ||     3
       Scroll            |       |       |     2 ||     2
 Stab: Held in net/web   |     1 |       |       ||     1
Armor: Robe              |       |     1 |     5 ||     6
Dodge: Dodged            |     3 |     4 |    15 ||    22
